 Dungeon Crawl Stone Soup version 0.27-a0-1595-g0b823d0a13 (webtiles) character file.

Game seed: 18099115295141415103

49 hatdisgam the Covert (level 3, -8/35 HPs)
             Began as a Gnoll Delver on July 21, 2021.
             Mangled by an ogre (15 damage)
             ... on level 6 of the Dungeon.
             The game lasted 00:01:27 (643 turns).

hatdisgam the Covert (Gnoll Delver)                  Turns: 643, Time: 00:01:28

Health: -8/35      AC:  3    Str: 11    XL:     3   Next: 75%
Magic:  4/4        EV: 13    Int: 10    God:
Gold:   0          SH:  0    Dex: 13    Spells: 3/3 levels left

rFire    . . .     SeeInvis .   a - +0 falchion
rCold    . . .     Faith    .   (no shield)
rNeg     . . .     Spirit   .   b - +0 leather armour
rPois    .         Reflect  .   (no helmet)
rElec    .         Harm     .   (no cloak)
rCorr    .         Rampage  .   (no gloves)
Will     .....                  (no boots)
Stlth    ++++......             (no amulet)
HPRegen  0.11/turn              (no ring)
MPRegen  0.09/turn              (no ring)

@: hasted, very quick
A: fangs 1, strong nose, distributed training
a: no special abilities


You were on level 6 of the Dungeon.
You visited 1 branch of the dungeon, and saw 2 of its levels.

Inventory:

Hand Weapons
 a - a +0 falchion (weapon)
Armour
 b - a +0 leather armour (worn)
Jewellery
 h - a +6 ring of intelligence
Wands
 g - a wand of digging (3)
Scrolls
 c - a scroll of fog
 d - a scroll of magic mapping
 e - a scroll of fear
 i - 2 scrolls of vulnerability {unknown}


   Skills:
 + Level 6.5 Fighting
 + Level 0.9 Short Blades
 + Level 4.5 Long Blades
 + Level 0.9 Axes
 + Level 0.9 Maces & Flails
 + Level 0.9 Polearms
 + Level 0.9 Staves
 + Level 0.9 Slings
 + Level 0.9 Bows
 + Level 0.9 Crossbows
 + Level 0.9 Throwing
 + Level 0.9 Armour
 + Level 4.5 Dodging
 + Level 9.5 Stealth
 + Level 0.9 Shields
 + Level 0.9 Unarmed Combat
 + Level 0.9 Spellcasting
 + Level 0.6 Conjurations
 + Level 0.6 Hexes
 + Level 0.6 Summonings
 + Level 0.6 Necromancy
 + Level 0.6 Translocations
 + Level 0.6 Transmutations
 + Level 0.6 Fire Magic
 + Level 0.6 Ice Magic
 + Level 0.6 Air Magic
 + Level 0.6 Earth Magic
 + Level 0.6 Poison Magic
 + Level 1.0 Invocations
 + Level 0.9 Evocations


You had 3 spell levels left.
You didn't know any spells.
Your spell library was empty.

Dungeon Overview and Level Annotations

Branches:
Dungeon (6/15)
 Temple: D:4-7

Altars:


Innate Abilities, Weirdness & Mutations

You have very sharp teeth.
Your uncanny sense of smell can sniff out nearby items.
Your experience applies equally to all skills.


Message History

An ogre comes into view. It is wielding a +0 giant club.
Found 20 gold pieces and a dagger.
There is an open door here.
There is an open door here.
You hear the rusting of a very distant drain.
Key pressed, stopping explore.
You hear a distant slurping noise.
You hear the rusting of a very distant drain.
You open the door.
There is an open door here.
Found a runed scarf.
There is an open door here.
You hear the brisk rusting of a drain nearby.
There is an open door here.
The ogre shouts!
A jelly comes into view.
A ball python comes into view.
A bullfrog comes into view.
There is an open door here.
A worm comes into view.
There is an open door here.
There is an open door here.
You feel yourself speed up. The ogre closely misses you.
You riposte.
You hit the ogre.
The ogre is lightly wounded.
You barely miss the ogre.
The ogre is lightly wounded.
You slash the ogre!
The ogre is moderately wounded.
The ogre hits you with a +0 giant club.
You hit the ogre but do no damage. You bite the ogre, but do no damage.
The ogre is moderately wounded.
You hit the ogre.
The ogre is heavily wounded.
The ogre hits you with a +0 giant club!!
Ouch! That really hurt!
* * * LOW HITPOINT WARNING * * *
You hit the ogre.
The ogre is heavily wounded.
The ogre hits you with a +0 giant club!
You die...

#.###########......'....F.#
#.##........#......#.....F#
#.##........#......#.......
#..'........#......#.......
#######........'......#.......
#.........###'##......#.......
#.######### #.#########.######
#.#<......# #O# #.#
#.#######.###@# #.#
#...........#.# #.#
#########.#.#.# #######.#
#.#...# #.......# #.#####
#.####### #.....# #.#
#####.###.### #.#.....#
#.#.#.#.#


You could see an ogre.

Vanquished Creatures
  A centaur zombie (D:6)
  A howler monkey skeleton (D:6)
  A gnoll (D:5)
3 creatures vanquished.

Notes
Turn   | Place    | Note
-------+----------+-------------------------------------------
     0 | D:5      | Reached skill level 9 in Stealth
     0 | D:5      | hatdisgam the Gnoll Delver began the quest for the Orb.
     0 | D:5      | Reached XP level 1. HP: 23/23 MP: 1/1
    50 | D:5      | Reached XP level 2. HP: 4/29 MP: 2/2
   267 | D:5      | Noticed an ogre
   399 | D:6      | Reached skill level 1 in Invocations
   399 | D:6      | Reached XP level 3. HP: 28/35 MP: 2/4
   458 | D:6      | Noticed an ice beast
   467 | D:6      | Noticed an ogre
   623 | D:6      | Noticed a bullfrog
   643 | D:6      | Mangled by an ogre

Illustrated notes

Levels and vault maps discovered:
D:5:      layout_rooms
D:6:      layout_basic, kiku_gazebo_pond_becter, portal_sewer_entry_a,
          gammafunk_ghost_nasty_kobolds, nicolae_shop_firing_range

Skill      XL: |  1  2 |
---------------+-------+-----
Stealth        | |  9.5
Invocations    | 1 |  1.0
Fighting       | |  6.5
Short Blades   | |  0.9
Long Blades    | |  4.5
Axes           | |  0.9
Maces & Flails | |  0.9
Polearms       | |  0.9
Staves         | |  0.9
Slings         | |  0.9
Bows           | |  0.9
Crossbows      | |  0.9
Throwing       | |  0.9
Armour         | |  0.9
Dodging        | |  4.5
Shields        | |  0.9
Unarmed Combat | |  0.9
Spellcasting   | |  0.9
Conjurations   | |  0.6
Hexes          | |  0.6
Summonings     | |  0.6
Necromancy     | |  0.6
Translocations | |  0.6
Transmutations | |  0.6
Fire Magic     | |  0.6
Ice Magic      | |  0.6
Air Magic      | |  0.6
Earth Magic    | |  0.6
Poison Magic   | |  0.6
Evocations     | |  0.9

Action                   || total
-------------------------++-------
Melee: Falchion          ||    17
       Bite              ||     3
  Use: Potion            ||     1
 Stab: Sleeping          ||     2
Armor: Leather armour    ||     3
Dodge: Dodged            ||     6
       Rpst.: Falchion   ||     4

Table legend: (Time is in decaauts)
 A = Elapsed time spent in this place.
 B = Non-inter-level travel time spent in this place.
 C = Inter-level travel time spent in this place.
 D = Time resting spent in this place.
 E = Time spent auto-exploring this place.
 F = Levels seen in this place.
 G = Mean time per level.
                   A        B        C        D        E       F      G
               +--------+--------+--------+--------+--------+-----+--------+
         Total |    642 |    642 |      0 |    261 |    152 |   2 |  321.0 |
       Dungeon |    642 |    642 |      0 |    261 |    152 |   2 |  321.0 |
               +--------+--------+--------+--------+--------+-----+--------+

Top non-repeatable levels by time:
     D:6: 336 daAuts
     D:5: 306 daAuts
